Map: Proxima Station LE

Players

eonblu

  • Race: Zerg Zerg
  • Spawn Location: 1:00

SolO - Winner!

  • Race: Zerg Zerg
  • Spawn Location: 7:00

Event: WCS Jonkoping 2017

VOD

Have the link to the VOD?

Description

Time

  • Played on: June 17, 2017, 7:22 a.m.
  • Length: 7:14

All games in this series

Show
View Real Time Build Order
Export as new Build Order

eonblu Zerg 

Build Orders: Hatch First 

Get SALT Encoding   

  12  0:00  Drone  
  13  0:08  Drone  
  14  0:16  Overlord  
  14  0:35  Drone x3  
  17  0:55  Hatchery  
  16  0:58  Drone  
  17  1:09  Spawning Pool  
  16  1:12  Extractor  
  16  1:13  Drone  
  16  1:17  Drone  
  17  1:21  Drone  
  18  1:29  Drone  
  19  1:39  Overlord  
  19  1:56  Queen  
  19  1:57  Zergling x2  
  22  2:06  Queen  
  22  2:07  Drone x2  
  26  2:12  Metabolic Boost  
  26  2:17  Zergling x2  
  27  2:25  Drone x2  
  27  2:29  Drone  
  30  2:36  Overlord  
  30  2:39  Zergling x2  
  31  2:54  Hatchery  
  29  2:59  Roach Warren  
  29  3:01  Zergling x2  
  29  3:03  Evolution Chamber  
  29  3:04  Zergling x2  
  29  3:10  Zergling x4  
  31  3:18  Zergling x4  
  31  3:19  Zergling x2  
  34  3:24  Overlord  
  33  3:40  Roach  
  33  3:41  Roach x4  
  43  3:43  Roach x2  
  43  3:46  Zergling x2  
  48  3:54  Roach  
  50  3:57  Overlord  
  47  4:12  Zergling x2  
  47  4:13  Zergling x8  
  47  4:26  Roach x3  
  47  4:27  Zergling x2  
  47  4:28  Zergling x2  
  55  4:34  Overlord  
  55  4:36  Zergling x2  
  53  4:54  Roach x4  
  53  4:59  Zergling x2  
  48  5:04  Roach  
  48  5:06  Zergling x4  
  50  5:25  Roach x2  
  51  5:29  Zergling x8  
  55  5:39  Zergling x10  
  56  5:46  Overlord  
  56  5:56  Zergling x8  
  48  6:19  Zergling x14  
  45  6:29  Roach x2  
  43  6:41  Roach x2  
  45  6:49  Roach  
  45  6:50  Roach  
Show
View Real Time Build Order
Export as new Build Order

SolO Zerg - Winner!

Build Orders: Hatch First, Zergling Baneling 

Get SALT Encoding   

  12  0:00  Drone  
  13  0:12  Overlord  
  13  0:17  Drone  
  14  0:30  Drone  
  14  0:31  Drone  
  14  0:35  Drone  
  17  0:52  Hatchery  
  17  0:55  Drone  
  17  0:58  Drone  
  18  1:09  Extractor  
  17  1:14  Spawning Pool  
  17  1:16  Drone  
  17  1:20  Drone  
  18  1:28  Drone  
  19  1:39  Overlord  
  19  2:00  Queen  
  19  2:01  Zergling x4  
  23  2:04  Queen  
  23  2:05  Drone  
  26  2:08  Metabolic Boost  
  26  2:12  Drone  
  26  2:15  Drone  
  29  2:22  Drone  
  29  2:27  Drone  
  30  2:30  Baneling Nest  
  30  2:32  Drone  
  30  2:48  Hatchery  
  28  3:01  Zergling x10  
  33  3:07  Overlord  
  33  3:13  Zergling x6  
  36  3:26  Baneling x2  
  37  3:27  Drone x4  
  40  3:40  Overlord  
  40  3:42  Zergling x6  
  43  3:56  Drone  
  43  4:00  Queen  
  43  4:01  Drone  
  43  4:02  Drone x3  
  49  4:16  Zergling x2  
  50  4:17  Zergling x4  
  50  4:20  Zergling x2  
  50  4:21  Zergling x6  
  50  4:27  Zergling x4  
  50  4:28  Baneling x2  
  50  4:29  Baneling  
  50  4:31  Baneling x2  
  52  4:34  Baneling x2  
  52  4:37  Zergling x4  
  54  4:43  Queen  
  56  4:49  Zergling x4  
  54  4:57  Zergling x10  
  56  5:06  Drone x2  
  58  5:07  Overlord  
  58  5:10  Roach Warren  
  58  5:11  Baneling  
  58  5:12  Baneling  
  49  5:27  Drone x2  
  49  5:28  Drone x2  
  49  5:38  Zergling x6  
  49  5:41  Baneling x2  
  52  5:44  Zergling x4  
  52  5:46  Zergling x2  
  55  5:52  Zergling x8  
  55  5:55  Zergling x2  
  55  5:56  Zergling x2  
  60  6:00  Extractor  
  60  6:01  Zergling x4  
  61  6:04  Baneling  
  61  6:09  Zergling x8  
  60  6:20  Drone x6  
  61  6:27  Drone x3  
  64  6:34  Overlord  
  64  6:35  Overlord  
  63  6:55  Evolution Chamber  
Tags
 
Add a new tag
Caveats
  • Supply blocks, unpowered buildings, or Contaminate may cause inaccurate times.
  • Supply counts are checked every 10 seconds.